 Dungeon Crawl Stone Soup version 0.27-a0-124-g19cb506db8 (webtiles) character file.

Game seed: 14990196782268251977

95 tsouns the Digger (level 4, -1/24 HPs)
             Began as a Kobold Earth Elementalist on Jan 26, 2021.
             Was a Follower of Ashenzari.
             Killed from afar by an orc wizard (5 damage)
             ... with a magic dart
             ... on level 3 of the Dungeon.
             The game lasted 00:02:57 (2089 turns).

tsouns the Digger (Kobold Earth Elementalist)       Turns: 2089, Time: 00:02:58

Health: -1/24      AC:  3    Str:  5    XL:     4   Next: 97%
Magic:  5/8        EV: 15    Int: 17    God:    Ashenzari [*.....]
Gold:   119        SH:  0    Dex: 15    Spells: 3/9 levels left

rFire    . . .     SeeInvis .   f - +2 short sword (venom)
rCold    . . .     Faith    .   (shield restricted)
rNeg     . . .     Spirit   .   c - +0 robe
rPois    .         Reflect  .   d - +0 helmet
rElec    .         Harm     .   (no cloak)
rCorr    .         Rampage  .   (no gloves)
Will     .....                  (no boots)
Stlth    +++.......             (no amulet)
HPRegen  0.08/turn              (no ring)
MPRegen  0.11/turn              (no ring)

@: no status effects
A: small, nightstalker 3
a: Renounce Religion, Curse Item, Scrying


You were on level 3 of the Dungeon.
You worshipped Ashenzari.
Ashenzari was aware of your devotion.
You visited 1 branch of the dungeon, and saw 3 of its levels.

You collected 119 gold pieces.

Inventory:

Hand Weapons
 e - a +0 dagger
 f - a +2 short sword of venom (weapon)
Missiles
 b - 159 stones
Armour
 c - a +0 robe (worn)
 d - a +0 helmet (worn)
Jewellery
 g - an uncursed ring of flight
 l - a +4 ring of evasion
Wands
 p - a wand of random effects (19)
Scrolls
 h - 3 scrolls of immolation {unknown}
 i - 3 scrolls of remove curse
 j - a scroll of identify {unknown}
 k - a scroll of random uselessness {unknown}
 o - 3 scrolls of amnesia {unknown}
 q - a scroll of blinking {unknown}
Potions
 a - 3 potions of curing {unknown}
 m - a potion of degeneration {unknown}
 n - a potion of lignification {unknown}


   Skills:
 - Level 2.4 Dodging
 - Level 2.6 Stealth
 + Level 3.3 Spellcasting
 + Level 2.5 Transmutations
 + Level 3.8 Earth Magic


You had 3 spell levels left.
You knew the following spells:

 Your Spells              Type           Power        Failure   Level
a - Sandblast             Erth           30%          3%          1
b - Passwall              Tmut/Erth      10%          7%          2
c - Stone Arrow           Conj/Erth      18%          22%         3

Your spell library contained the following spells:

 Spells                   Type           Power        Failure   Level
 Petrify                  Tmut/Erth      13%          41%         4
 Lee's Rapid Deconstruct  Erth           7%           67%         5


Dungeon Overview and Level Annotations

Branches:
Dungeon (3/15)

Altars:
Ashenzari


Innate Abilities, Weirdness & Mutations

You are small and have problems with some larger weapons.
You are completely attuned to the shadows.


Message History

You hit the orc wizard.
The orc wizard is poisoned.
The orc wizard is heavily wounded.
The orc wizard points at you and mumbles some strange words.
The puff of flame hits you!
* * * LOW HITPOINT WARNING * * *
You hear a shout!
Unknown command.
Casting: Sandblast (safe; 3% risk of failure)
Confirm with . or Enter, or press ? or * to list all spells.
Aiming: Sandblast (safe; 3% risk of failure)
Press: ? - help, Shift-Dir - straight line, f/p - orc wizard
Aim: an orc wizard, wielding a -3 dagger and wearing a +0 robe (heavily wounded, fast, poisoned, 26% to evade)
The blast of sand hits the orc wizard!
The orc wizard is almost dead.
You hear a shout!
The orc wizard hits you with a cursed -3 dagger.
* * * LOW HITPOINT WARNING * * *
The orc wizard points at you and mumbles some strange words.
The magic dart hits you.
You die...

♣♣♣♣♣
♣♣.♣.♣♣
♣.♣♣♣.♣♣
♣_.♣...♣.♣.#
♣♣♣.♣♣.♣...#
♣.♣♣♣@♣...#
♣♣♣.o♣♣..#
♣....♣.#
♣♣♣...# ..
♣.♣...###.#
.♣.♣♣..o#..#
...........#
.....##..#.
#...<#.....#


You could see an orc wizard (fast, poisoned).

Vanquished Creatures
  4 adders (D:2)
  2 worms (D:2)
  3 dart slugs (D:1)
  A leopard gecko (D:1)
  8 bats
  A giant cockroach (D:1)
  5 goblins
  6 hobgoblins
  5 kobolds
  A quokka (D:2)
  A ball python (D:2)
  2 frilled lizards
  8 rats
47 creatures vanquished.

Notes
Turn   | Place    | Note
-------+----------+-------------------------------------------
     0 | D:1      | tsouns the Kobold Earth Elementalist began the quest for
                  | the Orb.
     0 | D:1      | Reached XP level 1. HP: 10/10 MP: 3/3
    73 | D:1      | Reached XP level 2. HP: 15/15 MP: 3/5
   111 | D:1      | Learned a level 2 spell: Passwall
   470 | D:1      | Reached XP level 3. HP: 19/19 MP: 6/6
   959 | D:2      | Learned a level 3 spell: Stone Arrow
  1164 | D:2      | Reached XP level 4. HP: 24/24 MP: 4/8
  2058 | D:3      | Found a faded altar of an unknown god.
  2064 | D:3      | Became a worshipper of Ashenzari the Shackled
  2064 | D:3      | Reached * piety under Ashenzari
  2089 | D:3      | Killed from afar by an orc wizard

Illustrated notes

Levels and vault maps discovered:
D:1:      dpeg_arrival_rooms_c, layout_rooms
D:2:      layout_loops_ring
D:3:      layout_rooms, old_standard_altar, chequers_ecumenical_altar_grove

Skill      XL: |  1  2  3 |
---------------+----------+-----
Transmutations | 2 |  2.5
Spellcasting   | 3 |  3.3
Dodging        | |  2.4
Stealth        | |  2.6
Earth Magic    | |  3.8

Action                   |  1- 3 |  4- 6 || total
-------------------------+-------+-------++-------
Melee: Unarmed           |     8 |       ||     8
       Dagger            |     5 |       ||     5
       Short sword       |    18 |    14 ||    32
 Cast: Sandblast         |    22 |    26 ||    48
 Stab: Sleeping          |    11 |     7 ||    18
Armor: Robe              |       |     2 ||     2
Dodge: Dodged            |    13 |    17 ||    30

Table legend: (Time is in decaauts)
 A = Elapsed time spent in this place.
 B = Non-inter-level travel time spent in this place.
 C = Inter-level travel time spent in this place.
 D = Time resting spent in this place.
 E = Time spent auto-exploring this place.
 F = Levels seen in this place.
 G = Mean time per level.
                   A        B        C        D        E       F      G
               +--------+--------+--------+--------+--------+-----+--------+
         Total |   2090 |   2038 |     52 |      0 |   1742 |   3 |  696.7 |
       Dungeon |   2090 |   2038 |     52 |      0 |   1742 |   3 |  696.7 |
               +--------+--------+--------+--------+--------+-----+--------+

Top non-repeatable levels by time:
     D:2: 1155 daAuts
     D:1: 882 daAuts
     D:3: 52 daAuts
